 Dungeon Crawl Stone Soup version 0.26-a0-52-gd53d4cd (webtiles) character file.

Game seed: 14374100274500691986

6960 Faca the Fighter (level 11, -8/96 HPs)
             Began as a Barachi Fighter on June 6, 2020.
             Was a Priest of Cheibriados.
             Killed from afar by a frost giant (46 damage)
             ... with a bolt of cold
             ... on level 9 of the Dungeon.
             The game lasted 00:15:44 (9168 turns).

Faca the Fighter (Barachi Fighter)                  Turns: 9168, Time: 00:15:45

Health: -8/96      AC: 21    Str: 26    XL:     11   Next: 7%
Magic:  21/21      EV:  9    Int: 21    God:    Cheibriados [***...]
Gold:   682        SH: 12    Dex: 17    Spells: 10/10 levels left

rFire    . . .     SeeInvis .   a - +1 long sword
rCold    . . .     Gourm    .   c - +0 kite shield
rNeg     . . .     Faith    .   p - +4 ring mail {MR+}
rPois    .         Spirit   .   v - +3 hat of Pondering {ponderous, MR+ MP+10 Int+5}
rElec    .         Reflect  .   n - +2 cloak
rCorr    .         Harm     .   x - +1 pair of gloves
MR       ++...                  y - +1 pair of boots
Stlth    +.........             (no amulet)
HPRegen  0.26/turn              (no ring)
MPRegen  0.17/turn              (no ring)

@: mighty, very slow
A: +LOS, swims, slowness 1, strong legs 1
a: Hop, Bend Time, Temporal Distortion, Renounce Religion


You were on level 9 of the Dungeon.
You worshipped Cheibriados.
Cheibriados was most pleased with you.
You were not hungry.

You visited 2 branches of the dungeon, and saw 10 of its levels.
You also visited: Sewer.

You collected 682 gold pieces.

Inventory:

Hand Weapons
 a - a +1 long sword (weapon)
Missiles
 g - 8 javelins
 h - 13 boomerangs (quivered)
 s - 2 throwing nets
Armour
 c - a +0 kite shield (worn)
 i - a +0 cloak of poison resistance
 n - a +2 cloak (worn)
 p - a +4 ring mail of magic resistance (worn)
 v - the +3 hat of Pondering (worn) {ponderous, MR+ MP+10 Int+5}
   (You took it off Gastronok on level 8 of the Dungeon)

   It affects your intelligence (+5).
   It affects your resistance to hostile enchantments.
   It affects your magic capacity (+10).
 x - a +1 pair of gloves (worn)
 y - a +1 pair of boots (worn)
Jewellery
 e - an uncursed ring of fire
Wands
 q - a wand of iceblast (13)
 r - a wand of disintegration (4)
Scrolls
 j - 4 scrolls of remove curse
 l - a scroll of teleportation
Potions
 b - 2 potions of lignification
 k - 2 potions of curing
 m - 2 potions of brilliance {unknown}
 o - a potion of flight
 t - a potion of mutation
 w - 2 potions of cancellation
Comestibles
 f - 14 rations
 u - 10 chunks of flesh


   Skills:
 + Level 12.4 Fighting
 + Level 12.2 Long Blades
 + Level 7.9 Armour
 + Level 7.2 Shields


You had 10 spell levels left.
You didn't know any spells.
Your spell library contained the following spells:

 Spells                   Type           Power        Failure   Level  Hunger
 Sandblast                Erth           #.....       56%         1    ##.....
 Passwall                 Tmut/Erth      #.......     71%         2    ###....
 Stone Arrow              Conj/Erth      #.....       91%         3    ####...
 Animate Dead             Necr           N/A          100%        4    #####..
 Petrify                  Tmut/Erth      #.......     100%        4    #####..
 Alistair's Intoxication  Tmut/Pois      #.......     100%        5    ######.
 Lee's Rapid Deconstruct  Erth           #.........   100%        5    ######.
 Simulacrum               Ice/Necr       #.........   100%        6    #######


Dungeon Overview and Level Annotations

Branches:
Dungeon (9/15)             Temple (1/1) D:5            Lair (0/6) D:8
  Sewer (visited)
    Orc: D:9-12

Altars:
Ashenzari
Cheibriados
Dithmenos
Elyvilon
Fedhas
Gozag
Hepliaklqana
Kikubaaqudgha
Makhleb
Nemelex Xobeh
Okawaru
Qazlal
Ru
Sif Muna
Trog
Uskayaw
Vehumet
Wu Jian
Xom
Yredelemnul
Zin
The Shining One
Beogh

Shops:
D:7 }

Annotations:
D:5 3 runed translucent doors, ratrolha's ghost, novice GnWn
D:8 1 runed translucent door, dialectric's ghost, novice MiFi


Innate Abilities, Weirdness & Mutations

You can be seen from farther away. (+LOS)
You can swim through water.
You cover ground slowly.
You can hop short distances.


Message History

The frost giant shouts!
Found 6 gold pieces.
You feel very mighty all of a sudden.
The frost giant points at you and mumbles some strange words.
The bolt of cold hits you!
A freezing wraith comes into view.
You block the frost giant's attack.
The frost giant points at you and mumbles some strange words.
The bolt of cold hits you!!
Found 40 gold pieces.
Found a shimmering altar of Xom.
You hit the frost giant but do no damage.
The frost giant hits you with a +1 battleaxe of freezing!
The frost giant freezes you.
You slash the frost giant!
The frost giant is lightly wounded.
You slash the frost giant!
The frost giant is moderately wounded.
The frost giant points at you and mumbles some strange words.
The bolt of cold hits you!!!
You die...

)).....# #.........#
'####### #####.#####
....# #..# ###.#####
######.#####
##......####..>.......#
......................#
.#....+#######........#
##....# ##.......#
#....# ##@.....# #....#
#$..8C.....# #....#
...#$...W.....# #....#
...#$.........# #....#
._.#$..8......# ....#
.. ##.##..##### ⌠ ##
...# ...# ..##


You could see a frost giant and a freezing wraith.

Vanquished Creatures
  Gastronok (D:8)
  Harold (D:7)
  A two-headed ogre (D:8)
  Pikel (D:6)
  Maurice (D:8)
  Joseph (D:8)
  Prince Ribbit (D:6)
  A spriggan (D:8)
  Duvessa (D:3)
  An ice beast (D:5)
  A black bear (D:6)
  3 ogres
  A necrophage (D:9)
  3 centaurs
  A crocodile (Sewer)
  6 bullfrogs
  Dowan (D:3)
  A scorpion (D:7)
  3 killer bees (D:7)
  A wight (D:6)
  3 howler monkeys (D:7)
  3 crimson imps
  2 hounds
  3 orc wizards (D:6)
  4 orc priests
  A centaur skeleton (D:5)
  Ijyb (D:4)
  5 iguanas
  4 worker ants
  2 hound zombies
  9 adders
  A gnoll (D:1)
  2 shadow imps
  An adder zombie (D:7)
  2 worms
  3 dart slugs
  7 leopard geckos
  14 orcs
  8 bats
  4 giant cockroaches
  10 hobgoblins
  12 jackals
  5 quokkas
  7 frilled lizards
  11 goblins
  14 kobolds
  11 rats
180 creatures vanquished.

Vanquished Creatures (others)
  A slave (D:6)
  A howler monkey (D:6)
  A hound (D:6)
  An orc (D:6)
  5 toadstools (D:1)
9 creatures vanquished.

Grand Total: 189 creatures vanquished

Notes
Turn   | Place    | Note
-------+----------+-------------------------------------------
     0 | D:1      | Faca the Barachi Fighter began the quest for the Orb.
     0 | D:1      | Reached XP level 1. HP: 18/18 MP: 1/1
    78 | D:1      | Reached XP level 2. HP: 24/25 MP: 2/2
   316 | D:1      | Reached XP level 3. HP: 12/31 MP: 3/3
  1066 | D:2      | Reached XP level 4. HP: 32/38 MP: 4/4
  1808 | D:3      | Reached skill level 5 in Fighting
  2041 | D:3      | Noticed a bullfrog
  2052 | D:3      | Killed a bullfrog
  2052 | D:3      | Reached skill level 5 in Long Blades
  2052 | D:3      | Reached XP level 5. HP: 29/46 MP: 5/5
  2258 | D:3      | Found a faded altar of an unknown god.
  2553 | D:4      | Found a hazy altar of Hepliaklqana.
  2561 | D:4      | Identified Ukhor's Reference Book on Intoxication and
                  | Darkness
  2602 | D:4      | Reached XP level 6. HP: 52/52 MP: 6/6
  2614 | D:4      | Noticed Duvessa
  2614 | D:4      | Noticed Dowan
  2705 | D:3      | Killed Duvessa
  2722 | D:3      | Killed Dowan
  2986 | D:4      | Found a glowing silver altar of Zin.
  2986 | D:4      | Found an opulent altar of Gozag.
  3152 | D:4      | Reached XP level 7. HP: 59/59 MP: 7/7
  3157 | D:4      | Noticed Ijyb
  3170 | D:4      | Killed Ijyb
  3198 | D:4      | Found a radiant altar of Vehumet.
  3393 | D:4      | Found a glowing golden altar of the Shining One.
  3449 | D:5      | Entered Level 5 of the Dungeon
  3707 | D:5      | Found a staircase to the Ecumenical Temple.
  3737 | Temple   | Entered the Ecumenical Temple
  3813 | Temple   | Became a worshipper of Cheibriados the Contemplative
  4003 | D:5      | Found a runed translucent gate.
  4004 | D:5      | Found a runed translucent gate.
  4004 | D:5      | Found a runed translucent gate.
  4016 | D:5      | Noticed ratrolha's ghost (novice GnWn)
  4022 | D:5      | Found a roughly hewn altar of Beogh.
  4055 | D:5      | Found a shattered altar of Ashenzari.
  4076 | D:5      | Reached XP level 8. HP: 35/68 MP: 8/8
  5058 | D:6      | Found a shadowy altar of Dithmenos.
  5083 | D:6      | Noticed Prince Ribbit
  5103 | D:6      | Killed Prince Ribbit
  5267 | D:6      | Reached * piety under Cheibriados
  5504 | D:6      | Found a glowing drain.
  5507 | D:6      | Noticed Pikel
  5539 | D:6      | Killed Pikel
  5539 | D:6      | Reached skill level 10 in Fighting
  5539 | D:6      | Reached skill level 10 in Long Blades
  5539 | D:6      | Reached XP level 9. HP: 62/79 MP: 9/9
  5588 | Sewer    | Entered a sewer
  6246 | D:6      | Found a stormy altar of Qazlal.
  6622 | D:7      | Reached ** piety under Cheibriados
  7064 | D:7      | Noticed Harold
  7096 | D:7      | Killed Harold
  7096 | D:7      | Reached skill level 5 in Armour
  7384 | D:7      | Found Puysior's Gadget Boutique.
  7401 | D:7      | Reached XP level 10. HP: 76/88 MP: 10/10
  7419 | D:7      | Found an ornate altar of the Wu Jian Council.
  7462 | D:7      | Reached skill level 5 in Shields
  7467 | D:7      | Found a sparkling altar of Nemelex Xobeh.
  7697 | D:7      | Found a burning altar of Makhleb.
  8190 | D:8      | Found a runed translucent door.
  8191 | D:8      | Found a shimmering altar of Xom.
  8191 | D:8      | Noticed dialectric's ghost (novice MiFi)
  8191 | D:8      | Noticed a +2 scimitar of chaos
  8217 | D:8      | Noticed Joseph
  8257 | D:8      | Killed Joseph
  8331 | D:8      | Noticed Gastronok
  8351 | D:8      | Killed Gastronok
  8352 | D:8      | Found a staircase to the Lair.
  8435 | D:8      | Noticed a two-headed ogre
  8442 | D:8      | Killed a two-headed ogre
  8563 | D:8      | Noticed Maurice
  8673 | D:8      | Killed Maurice
  8673 | D:8      | Reached XP level 11. HP: 96/96 MP: 11/11
  9022 | D:9      | Reached *** piety under Cheibriados
  9162 | D:9      | Noticed a frost giant
  9165 | D:9      | Found a shimmering altar of Xom.
  9168 | D:9      | Killed from afar by a frost giant

Illustrated notes

Levels and vault maps discovered:
D:1:      ldierk_walled_garden, layout_rooms, minmay_heptomino_h4
D:2:      layout_basic
D:3:      layout_basic, chequers_ecumenical_altar_simple_redux
D:4:      layout_cave_pools, grunt_temple_overflow_gold_and_silver,
          lemuel_doored_altar, tso_oasis_becter, old_standard_altar,
          uniq_duvessa, uniq_ijyb
D:5:      layout_basic, cheibrodos_ashenzari_chains,
          minmay_temple_entry_large_hall, biasface_ghost_orc_armoury,
          first_ration
D:6:      layout_basic, marbit_many_paths, portal_sewer_entry_a,
          chequers_serial_rivers_micro_d, grunt_dithmenos_smoke, uniq_pikel,
          uniq_prince_ribbit1
D:7:      layout_basic, overflow_temple_1_default, nemelex_altar_shiori,
          overflow_temple_1_default, serial_shops, shop, uniq_harold
D:8:      layout_cave_pools, dpeg_oklobed_lair, ebering_ghost_xom, the_bakery,
          hangedman_decor_diamond_cutter, uniq_gastronok, uniq_joseph,
          uniq_maurice
D:9:      layout_roguey, jmf_multi_god_temple
Temple:   minmay_temple_bridge_abc

Skill      XL: |  1  2  3  4  5  6  7  8  9 10 |
---------------+-------------------------------+-----
Fighting       | 4 5 6 8 10 11 12 | 12.4
Long Blades    | 3 5 6 7 10 11 12 | 12.2
Armour         | 5 7 |  7.9
Shields        | 4 7 |  7.2

Action                   |  1- 3 |  4- 6 |  7- 9 | 10-12 || total
-------------------------+-------+-------+-------+-------++-------
Melee: Long sword        |    98 |   157 |   332 |   162 ||   749
       Unarmed           |       |    11 |       |       ||    11
Throw: Boomerang         |       |       |     2 |     3 ||     5
Evoke: Wand              |       |       |       |     6 ||     6
  Use: Scroll            |     5 |     6 |     5 |     3 ||    19
       Potion            |       |       |     2 |     3 ||     5
  Eat: Chunk             |     1 |     8 |     8 |     4 ||    21
       Ration            |       |       |     1 |       ||     1
Armor: Scale mail        |    52 |    80 |       |       ||   132
       Ring mail         |       |     8 |   152 |    52 ||   212
       Skin              |       |     1 |       |       ||     1
Dodge: Dodged            |    30 |    70 |   125 |    29 ||   254
Block: Kite shield       |    51 |    80 |   158 |    64 ||   353
       Rpst.: Long sword |     7 |    19 |    41 |     7 ||    74

Table legend:
 A = Non-vault XP
 B = Vault XP
 C = Vault XP percentage of total XP
 D = Non-vault monster count
 E = Vault monster count
 F = Vault count percentage of total count
                 A         B        C        D         E       F
            +---------+---------+-------+---------+---------+-------
      Total |    4128 |    5816 |  58.5 |     156 |      25 |  13.8
            +---------+---------+-------+---------+---------+-------
        D:1 |      32 |       6 |  15.8 |      13 |       4 |  23.5
        D:2 |      65 |       0 |   0.0 |      22 |       0 |   0.0
        D:3 |     185 |     216 |  53.9 |      33 |       2 |   5.7
        D:4 |     169 |      36 |  17.6 |      11 |       1 |   8.3
        D:5 |     673 |       0 |   0.0 |      17 |       0 |   0.0
        D:6 |     690 |     947 |  57.8 |      22 |       7 |  24.1
        D:7 |     801 |    1023 |  56.1 |      25 |       1 |   3.8
        D:8 |    1182 |    3477 |  74.6 |       7 |       4 |  36.4
        D:9 |     331 |       0 |   0.0 |       6 |       0 |   0.0
      Sewer |       0 |     111 | 100.0 |       0 |       6 | 100.0
            +---------+---------+-------+---------+---------+-------
